| TOP OF THE 1ST |
|
Rocky Mount Leafs batting - Pitching for Kinston Eagles : RHP Jim Adamczak
|
|
Pitching: RHP Jim Adamczak
|
|
|
Batting: RHB James Camacho
|
0-0: Ball 1-0: Ball 2-0: Ball 3-0: Foul Ball, location: 2F 3-1: Base on Balls
|
|
Batting: RHB Sergio Loya
|
0-0: Ball 1-0: Ball 2-0: SINGLE (Groundball, 25, EV 60.6 MPH) (infield hit) James Camacho to second
|
|
Batting: LHB Oscar Ramirez
|
0-0: Called Strike 0-1: Reached on error, E4 (Groundball, 4, EV 84.4 MPH) James Camacho to third Sergio Loya to second
|
|
Batting: RHB Glen Bockhorn
|
0-0: Called Strike 0-1: Ball 1-1: Foul Ball, location: 2F 1-2: Ball 2-2: SINGLE (Groundball, 5L, EV 98.8 MPH) James Camacho scores Sergio Loya to third Oscar Ramirez to second
|
|
Batting: SHB Keith Spreckels
|
0-0: Called Strike 0-1: Ball 1-1: Ball 2-1: Ball 3-1: Base on Balls Sergio Loya scores Oscar Ramirez to third Glen Bockhorn to second
|
|
Batting: RHB Kevin McGann
|
0-0: Grounds into double play, 4-6-3 (Groundball, 4S, EV 81.9 MPH) Oscar Ramirez scores Glen Bockhorn to third
|
|
Batting: RHB Blane McDonald
|
0-0: Foul Ball, location: 2F 0-1: Swinging Strike 0-2: Strikes out looking
|
| Top of the 1st over - 3 runs, 2 hits, 1 error, 1 left on base; Rocky Mount 3 - Kinston 0 |
| BOTTOM OF THE 1ST |
|
Kinston Eagles batting - Pitching for Rocky Mount Leafs : RHP Vic Irizarry
|
|
Pitching: RHP Vic Irizarry
|
|
|
Batting: SHB Ted Wilborn
|
0-0: Called Strike 0-1: Ball 1-1: Swinging Strike 1-2: Strikes out swinging
|
|
Batting: RHB Brad Wellman
|
0-0: DOUBLE (Line Drive, 9LS, EV 105.0 MPH)
|
|
Batting: LHB Monte McAbee
|
0-0: Called Strike 0-1: Foul Ball, location: 2F 0-2: Ball 1-2: Ball 2-2: Ball Wild Pitch! Brad Wellman to third 3-2: Base on Balls
|
|
Batting: RHB Butch Davis
|
0-0: Foul Ball, location: 2F 0-1: Fielders Choice at 2nd, 5-4 (Groundball, 5, EV 88.8 MPH) Brad Wellman scores
|
|
Batting: RHB Juan Perez
|
0-0: Ball Butch Davis is caught stealing 2nd base 2-4
|
| Bottom of the 1st over - 1 run, 1 hit, 0 errors, 0 left on base; Rocky Mount 3 - Kinston 1 |
| TOP OF THE 2ND |
|
Rocky Mount Leafs batting - Pitching for Kinston Eagles : RHP Jim Adamczak
|
|
Batting: LHB Chris D Jones
|
0-0: Ball 1-0: Foul Ball, location: 2F 1-1: Ball 2-1: Ball 3-1: Foul Ball, location: 2F 3-2: Ground out U3 (Groundball, 34, EV 101.3 MPH)
|
|
Batting: RHB Nario Campione
|
0-0: Ball 1-0: Ball 2-0: Ball 3-0: Base on Balls
|
|
Batting: RHB James Camacho
|
0-0: Swinging Strike 0-1: SINGLE (Groundball, 56D, EV 106.3 MPH) Nario Campione to second Runner from 2nd tries for 3rd, SAFE, throw by LF made to third
|
|
Batting: RHB Sergio Loya
|
0-0: Foul Ball, location: 2F 0-1: Ball 1-1: Ball 2-1: Called Strike James Camacho steals 2nd base 2-2: Strikes out swinging
|
|
Batting: LHB Oscar Ramirez
|
0-0: Ball 1-0: Swinging Strike 1-1: Ball 2-1: Fly out, F9 (Flyball, 9D, EV 100.0 MPH)
|
| Top of the 2nd over - 0 runs, 1 hit, 0 errors, 2 left on base; Rocky Mount 3 - Kinston 1 |
| BOTTOM OF THE 2ND |
|
Kinston Eagles batting - Pitching for Rocky Mount Leafs : RHP Vic Irizarry
|
|
Batting: RHB Juan Perez
|
0-0: Called Strike 0-1: Called Strike 0-2: Ball 1-2: Ball 2-2: SINGLE (Line Drive, 9LS, EV 93.1 MPH)
|
|
Batting: RHB Igor Roosendaal
|
0-0: Fly out, F6 (Popup, P, EV 81.9 MPH)
|
|
Batting: RHB Guadalupe Garcia
|
0-0: Called Strike 0-1: SINGLE (Line Drive, 89S, EV 102.5 MPH) Juan Perez to second
|
|
Batting: RHB Joseph Williams
|
0-0: Ball 1-0: Swinging Strike 1-1: Foul Ball, location: 2F 1-2: Ball Passed Ball! Juan Perez to third Guadalupe Garcia to second 2-2: Ball 3-2: Foul Ball, location: 2F 3-2: Fly out, F8 (Flyball, 8LM, EV 85.6 MPH) Runner from 3rd tags up, OUT at HOME! 8-2
|
| Bottom of the 2nd over - 0 runs, 2 hits, 0 errors, 1 left on base; Rocky Mount 3 - Kinston 1 |
| TOP OF THE 3RD |
|
Rocky Mount Leafs batting - Pitching for Kinston Eagles : RHP Jim Adamczak
|
|
Batting: RHB Glen Bockhorn
|
0-0: Ball 1-0: Ball 2-0: Ball 3-0: Called Strike 3-1: Base on Balls
|
|
Batting: SHB Keith Spreckels
|
0-0: Ball 1-0: Fly out, F8 (Flyball, 8LM, EV 90.0 MPH)
|
|
Batting: RHB Kevin McGann
|
0-0: Ball 1-0: Foul Ball, location: 2F 1-1: Ball 2-1: Foul Ball, location: 2F 2-2: SINGLE (Groundball, 6MD, EV 100.6 MPH) Glen Bockhorn to second
|
|
Batting: RHB Blane McDonald
|
0-0: Called Strike 0-1: Ball 1-1: Fly out, F8 (Line Drive, 8RM, EV 94.4 MPH)
|
|
Batting: LHB Chris D Jones
|
0-0: Fielders Choice at 2nd, 6-4 (Groundball, 6, EV 111.3 MPH)
|
| Top of the 3rd over - 0 runs, 1 hit, 0 errors, 2 left on base; Rocky Mount 3 - Kinston 1 |
| BOTTOM OF THE 3RD |
|
Kinston Eagles batting - Pitching for Rocky Mount Leafs : RHP Vic Irizarry
|
|
Batting: LHB Gregory Burtt
|
0-0: Swinging Strike 0-1: Ground out 6-3 (Groundball, 6M, EV 103.8 MPH)
|
|
Batting: SHB Ted Wilborn
|
0-0: Ball 1-0: Called Strike 1-1: Foul Ball, location: 2F 1-2: Ball 2-2: Ball 3-2: DOUBLE (Line Drive, 8RXD, EV 98.8 MPH)
|
|
Batting: RHB Brad Wellman
|
0-0: Ground out 3-1 (Groundball, 34, EV 88.1 MPH) Ted Wilborn to third
|
|
Batting: LHB Monte McAbee
|
0-0: Ball 1-0: Ground out U3 (Groundball, 3, EV 86.3 MPH)
|
| Bottom of the 3rd over - 0 runs, 1 hit, 0 errors, 1 left on base; Rocky Mount 3 - Kinston 1 |
| TOP OF THE 4TH |
|
Rocky Mount Leafs batting - Pitching for Kinston Eagles : RHP Jim Adamczak
|
|
Batting: RHB Nario Campione
|
0-0: Ball 1-0: Called Strike 1-1: Called Strike 1-2: Ball 2-2: Ball 3-2: SINGLE (Line Drive, 78S, EV 97.5 MPH)
|
|
Batting: RHB James Camacho
|
0-0: Ball 1-0: Foul Ball, location: 2F 1-1: Ball 2-1: Swinging Strike 2-2: Ball 3-2: Base on Balls Nario Campione to second
|
|
Batting: RHB Sergio Loya
|
0-0: Ball 1-0: Foul Ball, location: 2F 1-1: Called Strike 1-2: Foul Ball, location: 2F 1-2: SINGLE (Groundball, 56D, EV 96.3 MPH) Nario Campione to third James Camacho to second Runner from 3rd tries for Home, throw by LF and OUT! 7-2
|
|
Batting: LHB Oscar Ramirez
|
0-0: Foul Ball, location: 2F 0-1: Called Strike 0-2: Ball 1-2: Fly out, F8 (Flyball, 89D, EV 85.0 MPH) Runner from 2nd tags up, SAFE at 3rd, no throw by CF
|
|
Batting: RHB Glen Bockhorn
|
0-0: Ball 1-0: Ball 2-0: Foul Ball, location: 2F 2-1: Foul Ball, location: 2F 2-2: Strikes out swinging
|
| Top of the 4th over - 0 runs, 2 hits, 0 errors, 2 left on base; Rocky Mount 3 - Kinston 1 |
| BOTTOM OF THE 4TH |
|
Kinston Eagles batting - Pitching for Rocky Mount Leafs : RHP Vic Irizarry
|
|
Batting: RHB Butch Davis
|
0-0: Ball 1-0: Reached on error, E5 (Groundball, 56S, EV 83.8 MPH)
|
|
Batting: RHB Juan Perez
|
0-0: Ball 1-0: Foul Ball, location: 2F 1-1: Foul Ball, location: 2F 1-2: Ball 2-2: Foul Ball, location: 2F 2-2: Ball 3-2: Base on Balls
|
|
Batting: RHB Igor Roosendaal
|
0-0: Called Strike 0-1: Called Strike 0-2: Strikes out swinging
|
|
Batting: RHB Guadalupe Garcia
|
0-0: Ball 1-0: Fly out, F8 (Line Drive, 8RM, EV 98.8 MPH)
|
|
Batting: RHB Joseph Williams
|
0-0: Ball 1-0: Ground out 4-3 (Groundball, 4, EV 110.0 MPH)
|
| Bottom of the 4th over - 0 runs, 0 hits, 1 error, 2 left on base; Rocky Mount 3 - Kinston 1 |
| TOP OF THE 5TH |
|
Rocky Mount Leafs batting - Pitching for Kinston Eagles : RHP Jim Adamczak
|
|
Batting: SHB Keith Spreckels
|
0-0: Ball 1-0: Fly out, F7 (Flyball, 78S, EV 86.9 MPH)
|
|
Batting: RHB Kevin McGann
|
0-0: Foul Ball, location: 2F 0-1: Ball 1-1: Foul Ball, location: 2F 1-2: Ground out 6-3 (Groundball, 6, EV 91.3 MPH)
|
|
Batting: RHB Blane McDonald
|
0-0: Swinging Strike 0-1: Called Strike 0-2: Ball 1-2: Ball 2-2: Ball 3-2: Fly out, F7 (Flyball, 7D, EV 95.6 MPH)
|
| Top of the 5th over - 0 runs, 0 hits, 0 errors, 0 left on base; Rocky Mount 3 - Kinston 1 |
| BOTTOM OF THE 5TH |
|
Kinston Eagles batting - Pitching for Rocky Mount Leafs : RHP Vic Irizarry
|
|
Batting: LHB Gregory Burtt
|
0-0: Fly out, F7 (Flyball, 7LM, EV 88.1 MPH)
|
|
Batting: SHB Ted Wilborn
|
0-0: Ball 1-0: Fly out, F3 (Popup, 3L, EV 67.5 MPH)
|
|
Batting: RHB Brad Wellman
|
0-0: Ball 1-0: Called Strike 1-1: Fly out, F9 (Flyball, 89D, EV 105.6 MPH)
|
| Bottom of the 5th over - 0 runs, 0 hits, 0 errors, 0 left on base; Rocky Mount 3 - Kinston 1 |
| TOP OF THE 6TH |
|
Rocky Mount Leafs batting - Pitching for Kinston Eagles : RHP Jim Adamczak
|
|
Batting: LHB Chris D Jones
|
0-0: Ball 1-0: Ball 2-0: Ball 3-0: Foul Ball, location: 2F 3-1: Foul Ball, location: 2F 3-2: TRIPLE (Line Drive, 9LD, EV 111.3 MPH)
|
|
Batting: RHB Nario Campione
|
0-0: TRIPLE (Flyball, 89XD, EV 101.3 MPH) Chris D Jones scores
|
|
Batting: RHB James Camacho
|
0-0: Ball 1-0: Foul Ball, location: 2F 1-1: Fly out, F8 (Flyball, 8LXD, EV 99.4 MPH) Runner from 3rd tags up, SCORES, no throw by CF
|
|
Batting: RHB Sergio Loya
|
0-0: Ball 1-0: Ball 2-0: Called Strike 2-1: Foul Ball, location: 2F 2-2: Ground out 5-3 (Groundball, 56S, EV 83.8 MPH)
|
|
Batting: LHB Oscar Ramirez
|
0-0: Called Strike 0-1: Called Strike 0-2: Ball 1-2: Foul Ball, location: 2F 1-2: Ball 2-2: Ball 3-2: DOUBLE (Flyball, 8LXD, EV 103.8 MPH)
|
|
Batting: RHB Glen Bockhorn
|
0-0: Ball 1-0: Foul Ball, location: 2F 1-1: Ball 2-1: Foul Ball, location: 2F 2-2: Foul Ball, location: 2F 2-2: Strikes out swinging
|
| Top of the 6th over - 2 runs, 3 hits, 0 errors, 1 left on base; Rocky Mount 5 - Kinston 1 |
| BOTTOM OF THE 6TH |
|
Kinston Eagles batting - Pitching for Rocky Mount Leafs : RHP Vic Irizarry
|
|
Batting: LHB Monte McAbee
|
0-0: Called Strike 0-1: Fly out, F9 (Line Drive, 9, EV 86.3 MPH)
|
|
Batting: RHB Butch Davis
|
0-0: Ball 1-0: Called Strike 1-1: Ground out 6-3 (Groundball, 4MD, EV 96.3 MPH)
|
|
Batting: RHB Juan Perez
|
0-0: Fly out, F9 (Flyball, 9S, EV 70.6 MPH)
|
| Bottom of the 6th over - 0 runs, 0 hits, 0 errors, 0 left on base; Rocky Mount 5 - Kinston 1 |
| TOP OF THE 7TH |
|
Rocky Mount Leafs batting - Pitching for Kinston Eagles : RHP Jim Adamczak
|
|
Batting: SHB Keith Spreckels
|
0-0: Foul Ball, location: 2F 0-1: Foul Ball, location: 2F 0-2: Ball 1-2: Ball 2-2: Ball 3-2: Fly out, F8 (Line Drive, 8RM, EV 100.6 MPH)
|
|
Batting: RHB Kevin McGann
|
0-0: Foul Ball, location: 2F 0-1: Ball 1-1: Ball 2-1: Swinging Strike 2-2: Foul Ball, location: 2F 2-2: Strikes out swinging
|
|
Batting: RHB Blane McDonald
|
0-0: Called Strike 0-1: Ball 1-1: Ground out 6-3 (Groundball, 6, EV 88.1 MPH)
|
| Top of the 7th over - 0 runs, 0 hits, 0 errors, 0 left on base; Rocky Mount 5 - Kinston 1 |
| BOTTOM OF THE 7TH |
|
Kinston Eagles batting - Pitching for Rocky Mount Leafs : RHP Vic Irizarry
|
|
Batting: RHB Igor Roosendaal
|
0-0: Ball 1-0: Called Strike 1-1: Swinging Strike 1-2: SINGLE (Groundball, 6MD, EV 107.5 MPH)
|
|
Batting: RHB Guadalupe Garcia
|
0-0: Bunted foul 0-1: Ball 1-1: Ball 2-1: Sac Bunt to 5S - play at first, batter OUT! 5-4 Igor Roosendaal to second
|
|
Batting: RHB Joseph Williams
|
0-0: Ball 1-0: Ground out 4-3 (Groundball, 34, EV 84.4 MPH) Igor Roosendaal to third
|
|
Batting: LHB Gregory Burtt
|
0-0: Ground out 5-3 (Groundball, 56, EV 78.1 MPH)
|
| Bottom of the 7th over - 0 runs, 1 hit, 0 errors, 1 left on base; Rocky Mount 5 - Kinston 1 |
| TOP OF THE 8TH |
|
Rocky Mount Leafs batting - Pitching for Kinston Eagles : RHP Jim Adamczak
|
|
Batting: LHB Chris D Jones
|
0-0: Called Strike 0-1: Fly out, F7 (Flyball, 78S, EV 96.9 MPH)
|
|
Batting: RHB Nario Campione
|
0-0: Fly out, F9 (Line Drive, 9D, EV 86.3 MPH)
|
|
Batting: RHB James Camacho
|
0-0: Called Strike 0-1: Ball 1-1: Foul Ball, location: 2F 1-2: Foul Ball, location: 2F 1-2: Ball 2-2: Foul Ball, location: 2F 2-2: SINGLE (Groundball, 56D, EV 106.3 MPH)
|
|
Batting: RHB Sergio Loya
|
0-0: Ball 1-0: Ball 2-0: Fielders Choice at 2nd, 6-4 (Groundball, 6, EV 84.4 MPH)
|
| Top of the 8th over - 0 runs, 1 hit, 0 errors, 1 left on base; Rocky Mount 5 - Kinston 1 |
| BOTTOM OF THE 8TH |
|
Kinston Eagles batting - Pitching for Rocky Mount Leafs : RHP Vic Irizarry
|
|
Batting: SHB Ted Wilborn
|
0-0: Called Strike 0-1: DOUBLE (Flyball, 89XD, EV 115.6 MPH)
|
|
Batting: RHB Brad Wellman
|
0-0: Ball 1-0: Ball 2-0: Ball 3-0: Called Strike 3-1: Called Strike 3-2: Strikes out swinging
|
|
Batting: LHB Monte McAbee
|
0-0: Foul Ball, location: 2F 0-1: Ball 1-1: Ball 2-1: Ball 3-1: 2-RUN HOME RUN (Flyball, 89XD, EV 113.8 MPH), Distance : 403 ft
|
|
Batting: RHB Butch Davis
|
0-0: Swinging Strike 0-1: Fly out, F9 (Line Drive, 8RM, EV 94.4 MPH)
|
|
Batting: RHB Juan Perez
|
0-0: Ball 1-0: Called Strike 1-1: Ball 2-1: Fly out, F4 (Popup, 34D, EV 62.5 MPH)
|
| Bottom of the 8th over - 2 runs, 2 hits, 0 errors, 0 left on base; Rocky Mount 5 - Kinston 3 |
| TOP OF THE 9TH |
|
Rocky Mount Leafs batting - Pitching for Kinston Eagles : RHP Jim Adamczak
|
|
Pitching: RHP Marvin Adams
|
|
|
Batting: LHB Oscar Ramirez
|
0-0: Called Strike 0-1: Ball 1-1: Called Strike 1-2: Foul Ball, location: 2F 1-2: Ground out 6-3 (Groundball, 6M, EV 108.8 MPH)
|
|
Batting: RHB Glen Bockhorn
|
0-0: Ball 1-0: Called Strike 1-1: Foul Ball, location: 2F 1-2: Foul Ball, location: 2F 1-2: Ball 2-2: Strikes out looking
|
|
Batting: SHB Keith Spreckels
|
0-0: Ball 1-0: Ball 2-0: Foul Ball, location: 2F 2-1: Ball 3-1: Base on Balls
|
|
Batting: RHB Kevin McGann
|
0-0: Ball 1-0: Ball 2-0: Ball 3-0: Called Strike 3-1: Base on Balls Keith Spreckels to second
|
|
Batting: RHB Blane McDonald
|
0-0: Called Strike 0-1: SINGLE (Line Drive, 8RS, EV 99.4 MPH) Keith Spreckels to third Kevin McGann to second Runner from 3rd tries for Home, SAFE, throw by CF to home
|
|
Batting: LHB Chris D Jones
|
0-0: Fly out, F6 (Popup, 56D, EV 63.1 MPH)
|
| Top of the 9th over - 1 run, 1 hit, 0 errors, 2 left on base; Rocky Mount 6 - Kinston 3 |
| BOTTOM OF THE 9TH |
|
Kinston Eagles batting - Pitching for Rocky Mount Leafs : RHP Vic Irizarry
|
|
Batting: RHB Igor Roosendaal
|
0-0: Fly out, F7 (Flyball, 8LS, EV 90.0 MPH)
|
|
Batting: RHB Guadalupe Garcia
|
0-0: Called Strike 0-1: Ball 1-1: Ball 2-1: Ball 3-1: Foul Ball, location: 2F 3-2: Foul Ball, location: 2F 3-2: Base on Balls
|
|
Batting: RHB Joseph Williams
|
0-0: Ball 1-0: Ball 2-0: Ball 3-0: Base on Balls Guadalupe Garcia to second
|
|
Pitching: RHP Edgar Cruz
|
|
|
Pinch Hitting: LHB Eric Peyton
|
0-0: Swinging Strike 0-1: SINGLE (Line Drive, 8RS, EV 96.3 MPH) Guadalupe Garcia to third Joseph Williams to second
|
|
Batting: SHB Ted Wilborn
|
0-0: Called Strike 0-1: Foul Ball, location: 2F 0-2: Ball 1-2: Fielders Choice at 2nd, 4-6 (Groundball, 4, EV 106.3 MPH) Guadalupe Garcia scores Joseph Williams to third
|
|
Batting: RHB Brad Wellman
|
0-0: Ball 1-0: Called Strike 1-1: Ground out 1-3 (Groundball, 23, EV 65.0 MPH)
|
| Bottom of the 9th over - 1 run, 1 hit, 0 errors, 2 left on base; Rocky Mount 6 - Kinston 4 |
|